 Dungeon Crawl Stone Soup version 0.27-a0-421-g7ddf969dea (webtiles) character file.

Game seed: 2944408473178342729

276 Anon1729 the Magician (level 6, 0/41 HPs)
             Began as a Demonspawn Hedge Wizard on Feb 26, 2021.
             Succumbed to a worker ant's poison
             ... on level 4 of the Dungeon.
             The game lasted 00:04:30 (5155 turns).

Anon1729 the Magician (Demonspawn Hedge Wizard)     Turns: 5155, Time: 00:04:31

Health: 0/41       AC:  4    Str: 10    XL:     6   Next: 4%
Magic:  12/12      EV: 14    Int: 17    God:
Gold:   110        SH:  0    Dex: 19    Spells: 12/13 levels left

rFire    . . .     SeeInvis .   a - +0 dagger
rCold    . . .     Faith    .   (no shield)
rNeg     . . .     Spirit   .   b - +0 robe
rPois    +         Reflect  .   c - +0 hat
rElec    .         Harm     .   (no cloak)
rCorr    .         Rampage  .   (no gloves)
Will     .....                  (no boots)
Stlth    +++.......             (no amulet)
HPRegen  0.13/turn              e - +6 ring of dexterity
MPRegen  0.13/turn              f - ring of poison resistance

@: lethally poisoned (0 -> -1)
A: talons 2, icy blue scales 1, demonic guardian 2
a: no special abilities


You were on level 4 of the Dungeon.
You visited 1 branch of the dungeon, and saw 4 of its levels.

You collected 110 gold pieces.

Inventory:

Hand Weapons
 a - a +0 dagger (weapon)
Armour
 b - a +0 robe (worn)
 c - a +0 hat (worn)
Jewellery
 e - a +6 ring of dexterity (left hand)
 f - a ring of poison resistance (right hand)
 i - a ring of ice
 l - a ring of protection from fire
Scrolls
 d - 3 scrolls of teleportation {unknown}
 g - a scroll of fear {unknown}
 h - a scroll of enchant armour {unknown}
 j - a scroll of immolation {unknown}
 k - 3 scrolls of identify {unknown}
 n - a scroll of magic mapping {unknown}


   Skills:
 + Level 3.2 Dodging
 + Level 3.4 Stealth
 + Level 4.1 Spellcasting
 + Level 2.9 Conjurations
 - Level 1.0 Summonings
 - Level 0.8 Translocations


You had 12 spell levels left.
You knew the following spells:

 Your Spells              Type           Power        Failure   Level
a - Magic Dart            Conj           52%          4%          1

Your spell library contained the following spells:

 Spells                   Type           Power        Failure   Level
 Call Imp                 Summ           6%           16%         2
 Blink                    Tloc           N/A          17%         2
 Slow                     Hex            3%           24%         2
 Conjure Flame            Conj/Fire      8%           26%         3
 Mephitic Cloud           Conj/Pois/Air  6%           30%         3


Dungeon Overview and Level Annotations

Branches:
Dungeon (4/15)
 Temple: D:4-7

Altars:
Ashenzari
Vehumet

Annotations:
D:3 2 transporters


Innate Abilities, Weirdness & Mutations

You have razor-sharp toenails.
You are partially covered in icy blue scales. (AC +2)
A demonic guardian rushes to your aid.


Message History

You barely miss the adder.
The adder is severely wounded.
The adder bites you.
* * * LOW HITPOINT WARNING * * *
You barely miss the adder.
The adder is severely wounded.
The adder misses you. The adder closely misses you.
You hit the adder. Your kick misses the adder.
The adder is severely wounded.
The adder bites you.
* * * LOW HITPOINT WARNING * * *
A demonic guardian appears!
You feel sick.
You miss the adder. Your kick misses the adder.
The adder is severely wounded.
The adder barely misses you. x2
Your ice devil hits the adder but does no damage.
You hit the adder.
You kill the adder!
Your ice devil closely misses the orc.
You closely miss the orc. The orc misses you.
Your ice devil barely misses the orc.
You hit the orc but do no damage.
You feel sick.
Your ice devil misses the orc.
You hit the orc.
The orc is moderately wounded.
The orc hits you with a +4 flail.
* * * LOW HITPOINT WARNING * * *
Your ice devil hits the orc!
The orc dies!
The adder completely misses you. The adder bites you.
* * * LOW HITPOINT WARNING * * *
Your ice devil closely misses the orc.
Things that are here:
a +4 flail; 5 boomerangs; an orc corpse Unknown command.
It was a potion of magic.
Magic courses through your body. The orc misses you. The orc barely misses you.
The adder misses you.
Your ice devil misses the orc.
Unknown command.
You swap places.
You die...

##########
#########).......#
#........†###.##.###
##.#.......###..#...#
#...####........#.#.#
#≈≈≈ #..#o@....<#.#
###...####..#4#.(...#.#
.......$...#S##..#.#..
#.##...S..#o#........
≈##....o....#o#.#####.#.
.≈≈......oo..........o...
#≈≈#..#.#.#.#.##.#...#
≈.....#.#.#...# .# .#
....# #.#.##### .


You could see an adder (ally target), 3 orcs and a friendly ice devil
(summoned).

Vanquished Creatures
  A worker ant (D:4)
  6 adders
  2 oozes
  2 worms
  2 dart slugs (D:1)
  A leopard gecko (D:1)
  3 orcs (D:3)
  2 giant cockroaches (D:1)
  2 goblins (D:1)
  3 hobgoblins
  2 jackals (D:1)
  A quokka (D:3)
  2 ball pythons
  4 bats
  5 frilled lizards
  6 kobolds
  8 rats
52 creatures vanquished.

Vanquished Creatures (collateral kills)
  An ogre (D:4)
  A worker ant (D:4)
  6 adders
  A howler monkey skeleton (D:4)
  3 worms
  2 orcs
  A bat (D:3)
  2 giant cockroaches
  3 goblins (D:3)
  A hobgoblin (D:1)
21 creatures vanquished.

Grand Total: 73 creatures vanquished

Notes
Turn   | Place    | Note
-------+----------+-------------------------------------------
     0 | D:1      | Anon1729 the Demonspawn Hedge Wizard began the quest for
                  | the Orb.
     0 | D:1      | Reached XP level 1. HP: 13/13 MP: 4/4
   307 | D:1      | Gained mutation: A weak demonic guardian rushes to your
                  | aid. [demonic ancestry]
   307 | D:1      | Reached XP level 2. HP: 6/19 MP: 1/6
  1358 | D:1      | Gained mutation: You have sharp toenails. [demonic
                  | ancestry]
  1358 | D:1      | Reached XP level 3. HP: 14/24 MP: 7/7
  1795 | D:2      | Found a broken altar of Ashenzari.
  1854 | D:2      | Found a radiant altar of Vehumet.
  2455 | D:2      | Gained mutation: You have razor-sharp toenails. [demonic
                  | ancestry]
  2455 | D:2      | Reached XP level 4. HP: 22/30 MP: 7/9
  4240 | D:3      | Found a transporter.
  4267 | D:3      | Gained mutation: A demonic guardian rushes to your aid.
                  | [demonic ancestry]
  4267 | D:3      | Reached XP level 5. HP: 6/35 MP: 7/10
  4562 | D:3      | Found a transporter.
  4971 | D:4      | Noticed an ogre
  4983 | D:4      | Killed an ogre
  4984 | D:4      | Reached skill level 4 in Spellcasting
  5139 | D:4      | Gained mutation: You are partially covered in icy blue
                  | scales. (AC +2) [demonic ancestry]
  5139 | D:4      | Reached XP level 6. HP: 14/41 MP: 12/12
  5152 | D:4      | HP: 2/41 [orc/+4 flail (5)]
  5155 | D:4      | Succumbed to a worker ant's poison

Illustrated notes

Levels and vault maps discovered:
D:1:      matt_arrival_refuge, layout_rooms, st_stairs_5
D:2:      layout_loops_ring, vehumet_crystals, old_standard_altar,
          kennysheep_cross_room, minmay_misc_feat_columns, corexii_shack,
          kennysheep_generic_room_16
D:3:      gammafunk_wand_slinger, layout_loops_ring, gup_sewer_entry_spiral,
          kennysheep_generic_room_10
D:4:      minmay_inner_zag, layout_basic, lemuel_temple_firewalk_b,
          serial_rivers, chequers_serial_rivers_micro_b,
          chequers_serial_rivers_small_b, chequers_serial_rivers_large_a,
          chequers_serial_rivers_room_b, chequers_serial_rivers_marsh,
          chequers_serial_rivers_micro_b

Skill      XL: |  1  2  3  4  5 |
---------------+----------------+-----
Dodging        | 2 3 |  3.2
Stealth        | 2 3 |  3.4
Conjurations   | 2 |  2.9
Spellcasting   | 4 |  4.1
Summonings     | |  1.0
Translocations | |  0.8

Action                   |  1- 3 |  4- 6 || total
-------------------------+-------+-------++-------
Melee: Dagger            |   125 |   135 ||   260
       Kick              |    16 |    41 ||    57
 Cast: Magic Dart        |    15 |     9 ||    24
  Use: Potion            |     3 |     3 ||     6
 Stab: Sleeping          |     3 |     9 ||    12
Armor: Robe              |    12 |    21 ||    33
Dodge: Dodged            |    91 |   117 ||   208

Table legend: (Time is in decaauts)
 A = Elapsed time spent in this place.
 B = Non-inter-level travel time spent in this place.
 C = Inter-level travel time spent in this place.
 D = Time resting spent in this place.
 E = Time spent auto-exploring this place.
 F = Levels seen in this place.
 G = Mean time per level.
                   A        B        C        D        E       F      G
               +--------+--------+--------+--------+--------+-----+--------+
         Total |   5173 |   5121 |     52 |     72 |   4455 |   4 | 1293.2 |
       Dungeon |   5173 |   5121 |     52 |     72 |   4455 |   4 | 1293.2 |
               +--------+--------+--------+--------+--------+-----+--------+

Top non-repeatable levels by time:
     D:3: 1935 daAuts
     D:2: 1676 daAuts
     D:1: 1369 daAuts
     D:4: 192 daAuts
